 Dungeon Crawl Stone Soup version 0.20.1-1-g8b1a95d (webtiles) character file.

5128 spiff the Grappler (level 10, -7/100 HPs)
             Began as a Troll Hunter on July 16, 2017.
             Mangled by a six-headed hydra (8 damage)
             ... on level 1 of the Lair of Beasts.
             The game lasted 00:19:20 (6986 turns).

spiff the Grappler (Troll Hunter)                   Turns: 6986, Time: 00:19:21

Health: -7/100     AC:  7    Str: 24    XL:     10   Next: 33%
Magic:  9/9        EV: 12    Int:  8    God:
Gold:   473        SH:  0    Dex: 10    Spells: 9/9 levels left

rFire    . . .     SeeInvis .     - Unarmed
rCold    . . .     Gourm    +   (no shield)
rNeg     . . .     Faith    .   y - +0 animal skin
rPois    .         Spirit   .   (helmet restricted)
rElec    .         Reflect  .   m - +1 cloak
rCorr    .         Harm     .   (gloves unavailable)
MR       .....                  (boots unavailable)
Stlth    +.........             (no amulet)
Regen    0.7/turn               (no ring)
MPRegen  0.2/turn               (no ring)

@: no status effects
A: unfitting armour, claws 3, fast metabolism 3, gourmand, regeneration 1,
shaggy fur 1, tough skin 2
a: no special abilities


You were on level 1 of the Lair of Beasts.
You were completely stuffed.

You visited 3 branches of the dungeon, and saw 10 of its levels.
You visited the Abyss 1 time.

You collected 473 gold pieces.

Inventory:

Missiles
 d - 4 throwing nets (quivered)
Armour
 m - a +1 cloak (worn)
 y - a +0 animal skin (worn)
Jewellery
 C - an uncursed amulet of faith {unknown}
Wands
 r - a wand of paralysis (15/24)
 B - a wand of lightning (7/15)
Scrolls
 h - 3 scrolls of amnesia
 j - 2 scrolls of teleportation
 n - 3 scrolls of recharging
 o - 7 scrolls of remove curse
 s - 2 scrolls of immolation
 x - a scroll of random uselessness
 z - a scroll of silence {unknown}
 A - 2 scrolls of identify
 D - 2 scrolls of enchant weapon {unknown}
Potions
 a - 3 potions of magic
 e - 4 potions of curing
 i - a potion of invisibility {unknown}
 k - a potion of flight
 l - 3 potions of haste
 q - 3 potions of brilliance
 t - a potion of lignification
 v - 3 potions of heal wounds {unknown}
 w - 2 potions of mutation {unknown}
Comestibles
 b - 4 meat rations
 f - 9 bread rations
 g - 17 fruits
 p - 4 royal jellies
 u - 2 chunks of flesh


   Skills:
 + Level 6.6 Fighting
 - Level 3.6 Throwing
 + Level 6.5 Dodging
 - Level 0.3 Stealth
 * Level 10.8 Unarmed Combat


You had 9 spell levels left.
You didn't know any spells.

Dungeon Overview and Level Annotations

Branches:
Dungeon (8/15)             Temple (1/1) D:5            Lair (1/6) D:8

Altars:
Dithmenos
Elyvilon
Okawaru
Qazlal
Ru
Sif Muna
Trog
Uskayaw

Shops:
D:5 *%

Annotations:
Lair:1 exclusion: oklob plant


Innate Abilities, Weirdness & Mutations

You are too large for most types of armour.
You have claws for hands.
Your metabolism is lightning-fast.
You like to eat raw meat.
Your natural rate of healing is unusually fast.
You are covered in fur. (AC +1)
You have very tough skin. (AC +2)


Message History

The five-headed hydra bites you!
* * * LOW HITPOINT WARNING * * *
The five-headed hydra barely misses you.
The five-headed hydra bites you.
* * * LOW HITPOINT WARNING * * *
You claw one of the five-headed hydra's heads off!
The four-headed hydra grows two more!
You claw the six-headed hydra!
The six-headed hydra is severely wounded.
The six-headed hydra closely misses you.
The six-headed hydra completely misses you.
The six-headed hydra misses you.
The six-headed hydra completely misses you.
The six-headed hydra misses you.
The six-headed hydra bites you but does no damage.
You barely miss the six-headed hydra. You claw the six-headed hydra!
The six-headed hydra is severely wounded.
The six-headed hydra bites you!
* * * LOW HITPOINT WARNING * * *
The six-headed hydra bites you!
You die...

............ .
........... ..
.......... ..
........ ..
#..##..# P#
#..###'##.#
#..##...(.##..
#..##.(........
##..@D.)..(#....
#...##.....# !..
##..##.....# .
#..########
##..P###.## .
#P......... .
##......... .
#.......... .
##......... .


You could see a six-headed hydra.

Vanquished Creatures
  A rime drake (Lair:1)
  A komodo dragon (Lair:1)
  4 hippogriffs
  5 humans (D:6)
  Menkaure (D:7)
  2 orc warriors
  An ice beast (D:5)
  A sky beast (D:7)
  5 ogres
  7 centaurs
  A crocodile (D:7)
  A big kobold (D:6)
  2 bullfrogs
  4 scorpions
  3 howler monkeys
  6 crimson imps
  A bullfrog zombie (D:5)
  A centaur zombie (D:8)
  5 hounds
  2 orc priests (D:6)
  5 orc wizards
  Crazy Yiuf (D:3)
  A bullfrog skeleton (D:5)
  2 iguanas
  5 worker ants
  3 hound skeletons
  11 adders
  6 gnolls
  6 river rats (D:5)
  A white imp (D:5)
  An ooze (D:2)
  2 adder skeletons
  7 worms
  6 dart slugs
  2 leopard geckos
  9 orcs
  6 bats
  3 giant cockroaches
  9 hobgoblins
  6 jackals
  9 quokkas
  2 ball pythons
  4 frilled lizards
  8 goblins
  A jackal skeleton (D:5)
  10 kobolds
  A leopard gecko skeleton (D:4)
  A quokka skeleton (D:8)
  29 rats
211 creatures vanquished.

Vanquished Creatures (others)
  A quokka (D:7)
1 creature vanquished.

Grand Total: 212 creatures vanquished

Notes
Turn   | Place    | Note
-------+----------+-------------------------------------------
     0 | D:1      | spiff the Troll Hunter began the quest for the Orb.
     0 | D:1      | Reached XP level 1. HP: 19/19 MP: 0/0
   170 | D:1      | Reached skill level 1 in Unarmed Combat
   175 | D:1      | Reached XP level 2. HP: 28/28 MP: 1/1
   607 | D:1      | Reached skill level 2 in Unarmed Combat
   899 | D:2      | Reached XP level 3. HP: 35/35 MP: 2/2
  1047 | D:2      | Reached XP level 4. HP: 38/42 MP: 3/3
  1236 | D:2      | Reached skill level 3 in Unarmed Combat
  1543 | D:3      | Found a runed door.
  1637 | D:3      | Noticed Crazy Yiuf
  1647 | D:3      | Killed Crazy Yiuf
  1779 | D:3      | Reached XP level 5. HP: 44/50 MP: 4/4
  2201 | D:4      | Reached skill level 4 in Unarmed Combat
  2534 | D:4      | Reached XP level 6. HP: 59/59 MP: 5/5
  2930 | D:5      | Entered Level 5 of the Dungeon
  2937 | D:5      | Reached skill level 5 in Unarmed Combat
  3036 | D:5      | Reached XP level 7. HP: 66/67 MP: 6/6
  3392 | D:5      | Reached skill level 6 in Unarmed Combat
  3485 | D:5      | Found a staircase to the Ecumenical Temple.
  3494 | Temple   | Entered the Ecumenical Temple
  3533 | Temple   | Became a worshipper of Ru the Awakened
  3572 | D:5      | Found Lorhur's Food Shop.
  3612 | D:5      | Fell from the grace of Ru
  3636 | D:5      | Found Ozooggeon's General Store.
  3741 | D:5      | Reached XP level 8. HP: 30/78 MP: 7/7
  3953 | D:5      | Reached skill level 7 in Unarmed Combat
  4170 | D:5      | Cast into level 1 of the Abyss (crimson imp)
  4190 | D:5      | Escaped the Abyss
  4518 | D:6      | Found Gahec's Magic Scroll Shop.
  4593 | D:6      | Reached skill level 8 in Unarmed Combat
  4616 | D:6      | Reached skill level 5 in Fighting
  4660 | D:6      | Reached skill level 5 in Dodging
  4660 | D:6      | Reached XP level 9. HP: 41/88 MP: 8/8
  4849 | D:6      | Found a bloodstained altar of Trog.
  4850 | D:6      | Found an iron altar of Okawaru.
  4850 | D:6      | Found a deep blue altar of Sif Muna.
  5149 | D:6      | Reached skill level 9 in Unarmed Combat
  5299 | D:7      | Found a stormy altar of Qazlal.
  5310 | D:7      | Noticed Menkaure
  5315 | D:7      | Killed Menkaure
  5595 | D:7      | Found a white marble altar of Elyvilon.
  5731 | D:7      | Reached skill level 10 in Unarmed Combat
  6002 | D:7      | Reached XP level 10. HP: 39/98 MP: 9/9
  6527 | D:8      | Found a hide-covered altar of Uskayaw.
  6529 | D:8      | Noticed a hand axe
  6529 | D:8      | Noticed a dagger
  6771 | D:8      | Found a staircase to the Lair.
  6789 | Lair:1   | Entered Level 1 of the Lair of Beasts
  6885 | Lair:1   | Noticed an oklob plant
  6975 | Lair:1   | Noticed a five-headed hydra
  6986 | Lair:1   | HP: 1/100 [six-headed hydra (14)]
  6986 | Lair:1   | Mangled by a six-headed hydra

Skill      XL: |  1  2  3  4  5  6  7  8  9 |
---------------+----------------------------+-----
Unarmed Combat | 1 2 3 4 5 6 8 10 | 10.8
Fighting       | 2 3 4 5 6 |  6.6
Dodging        | 2 3 5 6 |  6.5
Throwing       | |  3.6
Stealth        | |  0.3

Action                   |  1- 3 |  4- 6 |  7- 9 | 10-12 || total
-------------------------+-------+-------+-------+-------++-------
Melee: Unarmed           |    88 |   190 |   272 |    80 ||   630
       Punch             |       |     6 |     6 |     7 ||    19
Throw: Large rock        |       |       |     6 |     7 ||    13
Invok: Renounce Religion |       |       |     1 |       ||     1
  Use: Scroll            |       |    12 |     5 |       ||    17
 Stab: Sleeping          |     3 |     1 |       |     1 ||     5
       Distracted        |       |       |     1 |       ||     1
  Eat: Chunk             |    15 |    19 |    27 |     9 ||    70
Armor: Robe              |    33 |    53 |    30 |       ||   116
       Animal skin       |       |       |    41 |    25 ||    66
Dodge: Dodged            |    39 |    90 |   115 |    58 ||   302
